 Dungeon Crawl Stone Soup version 0.18.1-48-g4cf74bf (webtiles) character file.

40814 Lovchig the Cleaver (level 13, -14/126 HPs)
             Began as a Deep Dwarf Fighter on Sept 2, 2016.
             Was a High Priest of the Shining One.
             Demolished by Rupert
             ... wielding a +4 great mace of protection
              (18 damage)
             ... on level 15 of the Dungeon.
             The game lasted 00:47:47 (12136 turns).

Lovchig the Cleaver (Deep Dwarf Fighter)           Turns: 12136, Time: 00:47:48

Health: -14/126    AC: 21    Str: 23    XL:     13   Next: 76%
Magic:  2/2        EV: 13    Int: 11    God:    the Shining One [*****.]
Gold:   901        SH: 15    Dex: 18    Spells: 0 memorised, 12 levels left

rFire  . . .     SeeInvis .     a - +0 war axe (flame)
rCold  . . .     Gourm    .     O - +0 plate armour
rNeg   + + .     Faith    .     c - +1 shield
rPois  .         Spirit   .     q - +0 helmet
rElec  .         Dismiss  .     s - +0 cloak
rCorr  .         Reflect  .     A - +0 pair of gloves
SustAt .         Harm     .     y - +0 pair of boots
MR     +....                    (no amulet)
Stlth  ..........               w - ring of stealth
                                W - ring of wizardry

@: non-regenerating, glowing, somewhat resistant to hostile enchantments,
extremely unstealthy
A: damage resistance, recharge devices, rugged brown scales 1, thin skeletal
structure 1, agile 2, blink, sense surroundings 2, slow regeneration 3
a: Device Recharging, Blink, Divine Shield, Cleansing Flame, Summon Divine
Warrior, Renounce Religion


You were on level 15 of the Dungeon.
You worshipped the Shining One.
The Shining One was extremely pleased with you.
You were not hungry.

You visited 2 branches of the dungeon, and saw 16 of its levels.

You collected 901 gold pieces.

Inventory:

Hand Weapons
 a - a +0 war axe of flaming (weapon)
Armour
 c - a +1 shield (worn)
 q - a +0 helmet (worn)
 s - a +0 cloak (worn)
 y - a +0 pair of boots (worn)
 A - a +0 pair of gloves (worn)
 O - a +0 plate armour (worn)
Jewellery
 r - an uncursed amulet of dismissal {unknown}
 w - a ring of stealth (right hand)
 W - a ring of wizardry (left hand)
Wands
 b - a wand of iceblast (4/15)
 e - a wand of heal wounds (0/9)
 t - a wand of slowing (31/48)
 C - a wand of slowing (15/48)
 H - a wand of slowing (2/48)
 I - a wand of flame (16/48)
 J - a wand of polymorph (12/24)
 L - a wand of acid (4/15)
 M - a wand of flame (43/48)
 T - a wand of lightning (10/15)
 V - a wand of iceblast (8/15)
Scrolls
 m - 6 scrolls of teleportation
 x - 2 scrolls of amnesia
 B - a scroll of fog
 D - 2 scrolls of magic mapping
 F - 5 scrolls of remove curse
 P - 2 scrolls of blinking
 Q - a scroll of vulnerability
 R - 2 scrolls of identify
Potions
 d - a potion of cancellation
 j - 5 potions of curing
 k - 2 potions of haste
 l - 2 potions of invisibility
 n - 5 potions of agility
 o - 3 potions of lignification
 p - a potion of berserk rage
 z - 3 potions of brilliance
 G - 2 potions of flight
 Y - a potion of might
Miscellaneous
 i - a phial of floods
 K - a phantom mirror
 N - a plain deck of summoning {drawn: 1}
 S - a plain deck of destruction
 U - a plain deck of wonders
Comestibles
 f - 12 bread rations
 g - 7 meat rations
 h - 14 fruits
 u - a slice of pizza
 v - 9 beef jerkies
 X - 4 chunks of flesh


   Skills:
 * Level 10.1 Fighting
 * Level 14.2 Axes
 * Level 9.8 Armour
 * Level 10.1 Dodging
 + Level 1.6 Stealth
 * Level 13.1 Shields
 + Level 1.3 Evocations


You had 12 spell levels left.
You didn't know any spells.

Dungeon Overview and Level Annotations

Branches:
Dungeon (15/15)            Temple (1/1) D:5             Orc (0/2) D:11
 Vaults (0/5) D:14
   Lair: D:8-11      Depths: D:15

Altars:
Ashenzari
Cheibriados
Dithmenos
Elyvilon
Fedhas
Gozag
Kikubaaqudgha
Makhleb
Nemelex Xobeh
Okawaru
Pakellas
Qazlal
Ru
Sif Muna
Trog
Vehumet
Xom
Yredelemnul
Zin
The Shining One

Annotations:
D:15 Rupert


Innate Abilities, Weirdness & Mutations

You are resistant to damage.
You can recharge devices by infusing magical energy.
You passively map the area around you.
You do not regenerate naturally.
You are partially covered in rugged brown scales (AC +1, +3% HP).
You have a somewhat thin skeletal structure (Dex +2, Stealth).
You are very agile. (Dex +4)
You can translocate small distances at will.


Message History

Rupert roars madly and goes into a rage!
Rupert goes berserk!
You bump into the metal wall.
Rupert hits you with a great mace of protection!
You slash Rupert! You burn Rupert.
Rupert is almost dead.
Rupert hits you with a great mace of protection!!
* * * LOW HITPOINT WARNING * * *
You hit Rupert but do no damage.
Rupert is almost dead.
Rupert hits you with a great mace of protection!!
* * * LOW HITPOINT WARNING * * *
You bump into the metal wall.
Rupert hits you with a great mace of protection!
* * * LOW HITPOINT WARNING * * *
You hit Rupert but do no damage.
Rupert is almost dead.
You feel less confused.
Rupert hits you with a great mace of protection!!
You die...

.......# , , ,, , , ,
.......#, , **, ....####
,, , , , , , * [)).# , ,
, , , .)(.#, , , , ,,,
.%(.# , , , , ,, .<..# ,
, , * , ** ....+
,###########... ,
....###+###.....@.......
,
...............@.#####..
* .()..............# *
##).......######.# ,
.#........#....#.# ,
.###......#....#†# * * *
...'......'... '.. ,
...#......######.#' ,
...##............#.. ,


You could see Rupert (berserk).

Vanquished Creatures
  Kirke (D:13)
  8 vault guards (D:14)
  A hydra (D:15)
  A centaur warrior (D:14)
  A tengu warrior (D:14)
  The ghost of Wotyn the Blocker, a novice FoFi of Trog (D:9)
  Sonja (D:13)
  3 skeletal warriors (D:15)
  An unseen horror (shapeshifter) (D:15)
  4 unseen horrors
  2 hill giants (D:12)
  A harpy (shapeshifter) (D:15)
  Pikel (D:6)
  A wolf spider zombie (D:13)
  4 cyclopes
  8 ugly things
  A deep elf mage (D:12)
  A manticore (D:14)
  A moth of wrath (shapeshifter) (D:15)
  A centaur zombie (D:11)
  Joseph (D:7)
  A black mamba (shapeshifter) (D:15)
  3 kobold demonologists (D:15)
  A komodo dragon (D:12)
  A tengu conjurer (D:14)
  2 trolls
  2 two-headed ogres
  5 slime creatures (D:13)
  Prince Ribbit (D:6)
  Sigmund (D:6)
  4 hogs (D:13)
  2 shadows
  29 yaks
  A wyvern (D:10)
  A vampire (D:14)
  3 hungry ghosts
  Menkaure (D:6)
  A mottled dragon (D:14)
  4 hippogriffs
  2 water moccasins
  2 black bears
  7 phantoms
  5 ice beasts
  A wasp (D:9)
  2 eyes of draining
  2 orc warriors
  2 sky beasts
  3 ogres
  2 boggarts (D:15)
  4 centaurs
  5 big kobolds
  7 giant frogs
  9 scorpions
  8 killer bees
  A howler monkey (D:9)
  3 crimson imps
  2 quasits
  A giant frog zombie (D:6)
  8 hounds
  6 jellies
  2 giant frog skeletons
  4 orc priests
  3 centaur skeletons
  An orc wizard (D:3)
  An iguana (D:4)
  9 worker ants
  6 ogre zombies (D:11)
  2 hound skeletons
  7 gnolls
  Robin (D:3)
  3 worker ant zombies
  13 adders
  4 shadow imps
  3 oozes
  2 adder zombies
  4 worms (D:2)
  4 dart slugs
  2 giant geckos
  50 orcs
  7 bats
  7 giant cockroaches
  17 goblins
  11 hobgoblins
  19 jackals
  8 quokkas
  2 ball pythons
  4 giant newts
  3 goblin zombies (D:11)
  3 hobgoblin zombies (D:11)
  24 kobolds
  12 orc zombies (D:11)
  4 rats
431 creatures vanquished.

Vanquished Creatures (collateral kills)
  An ugly thing (D:14)
1 creature vanquished.

Vanquished Creatures (others)
  A slave (D:6)
1 creature vanquished.

Grand Total: 433 creatures vanquished

Notes
Turn   | Place    | Note
--------------------------------------------------------------
     0 | D:1      | Lovchig the Deep Dwarf Fighter began the quest for the Orb.
     0 | D:1      | Reached XP level 1. HP: 20/20 MP: 1/1
   198 | D:1      | Reached XP level 2. HP: 28/28 MP: 2/2
   340 | D:1      | Reached XP level 3. HP: 23/34 MP: 3/3
   912 | D:2      | Reached XP level 4. HP: 23/42 MP: 4/4
  1164 | D:2      | Reached skill level 1 in Dodging
  1485 | D:3      | Reached XP level 5. HP: 40/49 MP: 5/5
  1531 | D:3      | Reached skill level 3 in Axes
  1557 | D:3      | Reached skill level 5 in Shields
  1610 | D:3      | Noticed a phantom
  1632 | D:3      | Killed a phantom
  1632 | D:3      | Reached XP level 6. HP: 34/56 MP: 6/6
  1715 | D:3      | Noticed Robin
  1743 | D:3      | Killed Robin
  2108 | D:4      | Reached skill level 4 in Axes
  2260 | D:4      | Reached XP level 7. HP: 37/63 MP: 7/7
  2501 | D:4      | Found a snail-covered altar of Cheibriados.
  2553 | D:4      | Found a bloodstained altar of Trog.
  2616 | D:5      | Entered Level 5 of the Dungeon
  2637 | D:5      | Reached skill level 1 in Stealth
  2745 | D:5      | Found a staircase to the Ecumenical Temple.
  2769 | Temple   | Entered the Ecumenical Temple
  2980 | Temple   | Became a worshipper of the Shining One
  3159 | D:5      | Reached skill level 5 in Axes
  3237 | D:5      | Reached XP level 8. HP: 40/73 MP: 8/8
  3554 | D:6      | Noticed Prince Ribbit
  3586 | D:6      | Killed Prince Ribbit
  3586 | D:6      | Reached skill level 5 in Armour
  3586 | D:6      | Reached skill level 5 in Dodging
  3624 | D:6      | Found an ancient bone altar of Kikubaaqudgha.
  3627 | D:6      | Found a sparkling altar of Nemelex Xobeh.
  3632 | D:6      | Found a burning altar of Makhleb.
  3731 | D:6      | Found a white marble altar of Elyvilon.
  3941 | D:6      | Noticed Menkaure
  3950 | D:6      | Killed Menkaure
  4009 | D:6      | Reached skill level 5 in Fighting
  4111 | D:6      | Noticed Pikel
  4116 | D:6      | Reached * piety under the Shining One
  4124 | D:6      | Reached skill level 6 in Axes
  4127 | D:6      | Killed Pikel
  4127 | D:6      | Gained mutation: You passively map the area around you. [Deep Dwarf growth]
  4127 | D:6      | Reached XP level 9. HP: 28/81 MP: 7/7
  4253 | D:6      | Noticed Sigmund
  4261 | D:6      | Killed Sigmund
  4261 | D:6      | Reached skill level 7 in Axes
  4414 | D:7      | Found a radiant altar of Vehumet.
  4421 | D:7      | Noticed Joseph
  4447 | D:7      | Killed Joseph
  4549 | D:7      | Found a sacrificial altar of Ru.
  4603 | D:7      | Found a glowing silver altar of Zin.
  5251 | D:8      | Found a deep blue altar of Sif Muna.
  5726 | D:9      | Reached skill level 8 in Axes
  5783 | D:9      | Reached XP level 10. HP: 58/91 MP: 7/7
  6039 | D:9      | Found a shattered altar of Ashenzari.
  6184 | D:9      | Found an oddly glowing altar of Pakellas.
  6296 | D:9      | Noticed Wotyn's ghost (novice FoFi)
  6343 | D:9      | Killed Wotyn's ghost
  6395 | D:9      | Found a stormy altar of Qazlal.
  6531 | D:10     | Entered Level 10 of the Dungeon
  6595 | D:10     | Reached ** piety under the Shining One
  6682 | D:10     | Reached skill level 9 in Axes
  6712 | D:10     | Gained mutation: You have a somewhat thin skeletal structure (Dex +2, Stealth). [mutagenic meat]
  6714 | D:10     | Gained mutation: You are occasionally teleported next to monsters. [mutagenic meat]
  6716 | D:10     | Gained mutation: You can translocate small distances at will. [mutagenic meat]
  6717 | D:10     | Gained mutation: Your spells are a little easier to cast, but a little less powerful. [mutagenic meat]
  7480 | D:10     | You fall through a shaft!
  7493 | D:11     | Reached skill level 10 in Shields
  7587 | D:11     | Noticed a cyclops
  7594 | D:11     | Reached XP level 11. HP: 29/100 MP: 8/8
  7605 | D:11     | Reached skill level 10 in Axes
  7753 | D:11     | Gained mutation: You are agile. (Dex +2) [potion of mutation]
  7753 | D:11     | Lost mutation: You are occasionally teleported next to monsters. [potion of mutation]
  7753 | D:11     | Gained mutation: You are partially covered in rugged brown scales (AC +1, +3% HP). [potion of mutation]
  7899 | D:11     | Reached *** piety under the Shining One
  7903 | D:11     | Found a staircase to the Orcish Mines.
  7934 | D:11     | Reached **** piety under the Shining One
  8421 | D:12     | Found a shadowy altar of Dithmenos.
  8591 | D:12     | Noticed a hill giant
  8600 | D:12     | Killed a hill giant
  8651 | D:12     | Noticed an unseen horror
  8662 | D:12     | Killed an unseen horror
  8672 | D:12     | Noticed a hill giant
  8682 | D:12     | Killed a hill giant
  8789 | D:12     | Noticed a deep elf mage
  8799 | D:12     | Killed a deep elf mage
  8799 | D:12     | Reached skill level 11 in Axes
  8904 | D:12     | Noticed a purple ugly thing
  8914 | D:12     | Killed a purple ugly thing
  9149 | D:12     | Reached XP level 12. HP: 47/115 MP: 6/6
  9484 | D:13     | Reached ***** piety under the Shining One
  9506 | D:13     | Noticed Sonja
  9557 | D:13     | Killed Sonja
 10114 | D:13     | Noticed Kirke
 10122 | D:13     | Reached skill level 12 in Axes
 10135 | D:13     | Killed Kirke
 10561 | D:14     | Noticed a vault guard
 10563 | D:14     | Noticed a vault guard
 10565 | D:14     | Noticed a vault guard
 10567 | D:14     | Noticed a vault guard
 10571 | D:14     | Noticed a vault guard
 10572 | D:14     | Noticed a vault guard
 10574 | D:14     | Noticed a vault guard
 10575 | D:14     | Noticed a vault guard
 10580 | D:14     | HP: 5/117 [vault guard/bardiche (3)]
 10665 | D:14     | Noticed a tengu warrior
 10680 | D:14     | Killed a tengu warrior
 10756 | D:14     | Gained mutation: You are very agile. (Dex +4) [potion of beneficial mutation]
 10778 | D:14     | Killed a vault guard
 10791 | D:14     | Found a gate to the Vaults.
 10813 | D:14     | Killed a vault guard
 10813 | D:14     | Reached skill level 13 in Axes
 10813 | D:14     | Reached XP level 13. HP: 57/124 MP: 3/3
 10822 | D:14     | Killed a vault guard
 10822 | D:14     | Reached skill level 1 in Evocations
 10849 | D:14     | Killed a vault guard
 10854 | D:14     | Killed a vault guard
 10857 | D:14     | Killed a vault guard
 10930 | D:14     | Killed a vault guard
 11020 | D:14     | Killed a vault guard
 11409 | D:14     | Reached skill level 10 in Fighting
 11786 | D:15     | Entered Level 15 of the Dungeon
 11895 | D:15     | Lost mutation: Your spells are a little easier to cast, but a little less powerful. [mutagenic meat]
 11939 | D:15     | Reached skill level 14 in Axes
 11984 | D:15     | Reached skill level 10 in Dodging
 12089 | D:15     | Noticed Rupert
 12135 | D:15     | HP: 4/126 [Rupert/great mace of protection (11)]
 12136 | D:15     | Demolished by Rupert

Skill      XL: |  1  2  3  4  5  6  7  8  9 10 11 12 13 |
---------------+----------------------------------------+-----
Fighting       | 3 4 5 6 7 8 9 10 | 10.1
Shields        | 4 5 6 7 8 10 11 12 13 | 13.1
Dodging        | 1 2 3 4 5 6 7 8 9 10 | 10.1
Axes           | 3 4 5 6 8 9 11 13 14 | 14.2
Armour         | 4 5 6 7 8 9 |  9.8
Stealth        | 1 |  1.6
Evocations     | 1 |  1.3

Action                   |  1- 3 |  4- 6 |  7- 9 | 10-12 | 13-15 || total
-------------------------+-------+-------+-------+-------+-------++-------
Melee: War axe           |   100 |   243 |   411 |   783 |   302 ||  1839
 Abil: Device Recharging |       |       |     3 |     7 |     2 ||    12
Evoke: Wand              |       |     3 |    10 |    26 |    17 ||    56
       Deck              |       |       |       |     1 |       ||     1
  Use: Scroll            |     7 |     6 |     4 |    12 |       ||    29
       Potion            |       |       |       |     6 |     1 ||     7
 Stab: Sleeping          |       |     1 |       |       |       ||     1
  Eat: Chunk             |       |     5 |    13 |    24 |     9 ||    51
       Bread ration      |       |       |       |     1 |       ||     1
Armor: Scale mail        |    48 |   113 |    52 |       |       ||   213
       Chain mail        |       |       |   128 |   162 |       ||   290
       Plate armour      |       |       |       |   136 |   114 ||   250
Dodge: Dodged            |    43 |    90 |   140 |   267 |    93 ||   633
Block: Shield            |    74 |   181 |   276 |   557 |   214 ||  1302
